 Dungeon Crawl Stone Soup version 0.29-a0-283-ga02f740833 (webtiles) character file.

Game seed: 10652672854381698272

55819 Crownlay the Eclecticist (level 14, -26/88 HPs)
             Began as a Gargoyle Earth Elementalist on Mar 13, 2022.
             Was a High Priest of Vehumet.
             Annihilated by Donald
             ... wielding a +1 broad axe of freezing
              (35 damage)
             ... on level 2 of the Orcish Mines.
             The game lasted 00:56:12 (23307 turns).

Crownlay the Eclecticist (GrEE)                    Turns: 23307, Time: 00:56:12

Health: -26/88     AC: 18    Str: 23    XL:     14   Next: 79%
Magic:  17/33      EV: 12    Int: 20    God:    Vehumet [*****.]
Gold:   830        SH:  0    Dex: 16    Spells: 23/43 levels left

rFire   + + .      SeeInvis .   G - +4 mace of Past Mistakes {holy, Fly rC- Will+++ Dex+6}
rCold   . . .      Faith    .   (no shield)
rNeg    + . .      Spirit   .   q - +2 robe {rF+}
rPois   ∞          Reflect  .   m - +0 helmet
rElec   +          Harm     .   J - +0 cloak
rCorr   .          Rampage  .   B - +0 pair of gloves
Will    ++++.                   i - +0 pair of boots
Stlth   ++........              w - amulet of magic regeneration
HPRegen 0.24/turn               I - ring of the Lost Beasts {+Blink rF+ rC+ Str+4}
MPRegen 0.63/turn               u - +6 ring of strength

@: flying, studying Crossbows
A: sickness immunity, AC +10, big wings, negative energy resistance 1,
electricity resistance, torment resistance 1, petrification resistance
a: Renounce Religion, Evoke Blink


You were on level 2 of the Orcish Mines.
You worshipped Vehumet.
Vehumet was extremely pleased with you.
You visited 4 branches of the dungeon, and saw 18 of its levels.
You also visited: Bailey.

You collected 1339 gold pieces.
You spent 509 gold pieces at shops.

Inventory:

Hand Weapons
 G - the +4 mace of Past Mistakes (weapon) {holy, Fly rC- Will+++ Dex+6}
   (You found it in a bailey)

   It has been blessed by the Shining One to cause great damage to the undead
   and demons.
   Dex:       It affects your dexterity (+6).
   rC:        It makes you vulnerable to cold.
   Fly:       It grants you flight.
   Will:      It greatly increases your willpower.
Missiles
 a - 74 stones
Armour
 i - a +0 pair of boots (worn)
 m - a +0 helmet (worn)
 q - a +2 robe of fire resistance (worn)
 B - a +0 pair of gloves (worn)
 J - a +0 cloak (worn)
Magical Staves
 R - a staff of conjuration
Jewellery
 u - a +6 ring of strength (right hand)
 w - an amulet of magic regeneration (around neck)
 y - a ring of protection from cold
 I - the ring of the Lost Beasts (left hand) {+Blink rF+ rC+ Str+4}
   (You found it on level 6 of the Lair of Beasts)

   [ring of protection from cold]

   Str:       It affects your strength (+4).
   rF:        It protects you from fire.
   rC:        It protects you from cold.
   +Blink:    It lets you blink.
Wands
 z - a wand of polymorph (9)
 F - a wand of charming (3)
 H - a wand of acid (20)
 Q - a wand of digging (7)
Scrolls
 b - a scroll of blinking
 d - 4 scrolls of enchant armour
 r - 6 scrolls of amnesia
 v - 3 scrolls of fog
 E - 3 scrolls of teleportation
 S - a scroll of fear
Potions
 c - 4 potions of magic
 g - 2 potions of cancellation
 j - a potion of mutation {unknown}
 k - 5 potions of resistance
 o - 2 potions of haste {unknown}
 s - 2 potions of ambrosia {unknown}
 x - 9 potions of curing
 A - 2 potions of brilliance {unknown}
 C - 3 potions of heal wounds


   Skills:
 - Level 10.0 Fighting
 - Level 1.5 Dodging
 - Level 2.1 Stealth
 * Level 15.0 Spellcasting
 - Level 10.0 Conjurations
 - Level 10.0 Summonings
 - Level 0.7 Transmutations
 * Level 11.5 Earth Magic
 + Level 5.3 Evocations


You had 23 spell levels left.
You knew the following spells:

 Your Spells              Type           Power      Damage    Failure   Level
a - Sandblast             Erth           100%       2d20      1%          1
b - Passwall              Tmut/Erth      32%        N/A       1%          2
c - Stone Arrow           Conj/Erth      100%       3d13      1%          3
d - Iron Shot             Conj/Erth      27%        9d6       2%          6
e - Lehudib's Crystal Sp  Conj/Erth      27%        10d7      58%         8

Your spell library contained the following spells:

 Spells                   Type           Power      Damage    Failure   Level
 Fulminant Prism          Conj/Hex       17%        3d11      1%          4
 Magic Dart               Conj           100%       1d8       1%          1
 Summon Small Mammal      Summ           100%       N/A       1%          1
 Call Imp                 Summ           53%        N/A       1%          2
 Scorch                   Fire           30%        2d6       1%          2
 Call Canine Familiar     Summ           53%        N/A       1%          3
 Mephitic Cloud           Conj/Pois/Air  28%        N/A       1%          3
 Summon Guardian Golem    Hex/Summ       35%        N/A       1%          3
 Flame Wave               Conj/Fire      35%        2d8       1%          4
 Petrify                  Tmut/Erth      39%        N/A       3%          4
 Irradiate                Conj/Tmut      18%        3d19      3%          5
 Apportation              Tloc           30%        N/A       4%          1
 Blink                    Tloc           30%        N/A       6%          2
 Airstrike                Air            7%         N/A       11%         4
 Summon Cactus Giant      Summ           26%        N/A       11%         6
 Gell's Gravitas          Tloc           15%        N/A       12%         3
 Teleport Other           Tloc           15%        N/A       12%         3
 Passage of Golubria      Tloc           15%        N/A       38%         4
 Alistair's Intoxication  Tmut/Pois      10%        N/A       69%         5
 Manifold Assault         Tloc           15%        N/A       75%         5
 Silence                  Hex/Air        7%         N/A       75%         5
 Dispersal                Tloc           7%         N/A       99%         6
 Storm Form               Tmut/Air       8%         N/A       100%        7
 Sublimation of Blood     Necr           Unusable   N/A       N/A         2

Dungeon Overview and Level Annotations

Branches:
Dungeon (9/15)             Temple (1/1) D:7            Lair (6/6) D:8
  Swamp (0/4) Lair:2        Snake (0/4) Lair:4        Slime (0/5) Lair:6
    Orc (2/2) D:9             Elf (0/3) Orc:2        Bailey (visited)

Altars:
Ashenzari
Cheibriados
Dithmenos
Fedhas
Gozag
Hepliaklqana
Kikubaaqudgha
Makhleb
Nemelex Xobeh
Okawaru
Qazlal
Ru
Sif Muna
Trog
Uskayaw
Vehumet
Wu Jian
Xom
Yredelemnul
Zin
The Shining One

Shops:
D:1 (   D:4 =   Orc:2 ?!

Annotations:
D:9 1 runed translucent door
Orc:2 Donald


Innate Abilities, Weirdness & Mutations

You are immune to sickness and miasma.
Your stone body is resilient. (AC +10)
You are immune to poison.
Your large and strong wings let you fly.
You resist negative energy. (rN+)
You are resistant to electric shocks. (rElec)
You are resistant to unholy torment.
You are immune to petrification.


Message History

Press: ? - help, Dir - move target, p - Donald
As you read the scroll of blinking, it crumbles to dust.
Aiming: Iceblast
Press: ? - help, Shift-Dir - straight line, f - you
Okay, then.
Aiming: Corrosive Bolt
Press: ? - help, Shift-Dir - straight line, f - you
Okay, then.
Aiming: Iceblast
Press: ? - help, Shift-Dir - straight line The mass of ice explodes!
The iceblast engulfs Donald!
Donald is heavily wounded.
Aiming: Iceblast
Press: ? - help, Shift-Dir - straight line The mass of ice explodes!
The iceblast engulfs Donald!
Donald is severely wounded.
You don't have any such object.
Evoke which item? (* to show all) (? for menu, Esc to quit)
Okay, then.
Unknown command.
Aiming: Iceblast
Press: ? - help, Shift-Dir - straight line The mass of ice explodes!
The iceblast engulfs Donald!
Donald is severely wounded.
The now-empty wand crumbles to dust.
Casting: Iron Shot (dangerous; 2% risk of failure)
Confirm with . or Enter, or press ? or * to list all spells.
Aiming: Iron Shot (dangerous; 2% risk of failure)
Press: ? - help, Shift-Dir - straight line
Okay, then.
Casting: Iron Shot (dangerous; 2% risk of failure)
Confirm with . or Enter, or press ? or * to list all spells.
Okay, then.
You feel much better.
Donald hits you with a +1 broad axe of freezing!!
* * * LOW HITPOINT WARNING * * *
Donald freezes you!
* * * LOW HITPOINT WARNING * * *
Donald hits you with a +1 broad axe of freezing!!
You die...

## ### .# ..#### ..#
###.....## .#.#
........## #...#
#####........## ##.##
##.##.)........## ####
#.......#.......## .##
###....)..##.......##
..##
#.#.@....###........#
...##
##.#.#@....#........##
...)#
#...##.............##
.#.##
#####...#............##
.###
#...##.###........#.##
.##
#####.....###.....#####
..#
#..#.......###.....#
..## ##.......#.##
#.......
...###........###
..........#


You could see Donald (fast, strong, corroded).

Vanquished Creatures
  An orc warlord (Bailey)
  8 hydras
  A boulder beetle (Lair:4)
  A catoblepas (Lair:5)
  Erica (D:8)
  A goliath frog (Lair:6)
  5 orc knights
  An orc sorcerer (Orc:2)
  An oklob plant (Lair:1)
  6 elephants
  A cyclops (D:8)
  5 black mambas
  21 cane toads
  9 komodo dragons
  2 rime drakes
  A red devil (Orc:2)
  2 kobold demonologists (D:7)
  7 tyrant leeches
  7 trolls
  2 polar bears
  Grinder (D:3)
  13 blink frogs
  3 slime creatures (Lair:6)
  Sigmund (D:3)
  6 basilisks
  28 yaks
  2 wyverns
  A chaos spawn (Orc:2)
  3 steam dragons
  5 vampire mosquitoes (Lair:6)
  3 wargs
  4 nagas (Lair:4)
  A swamp worm (Lair:2)
  9 water moccasins
  4 ice beasts
  A black bear (Lair:5)
  32 orc warriors
  A sky beast (D:8)
  5 ogres
  6 centaurs
  10 wolves
  4 kobold brigands
  18 bullfrogs
  2 scorpions (D:4)
  4 wights
  9 killer bees
  3 electric eels
  A howler monkey (D:8)
  8 crimson imps (D:7)
  5 jellies
  26 orc priests
  7 hounds
  Crazy Yiuf (D:7)
  A gnoll shaman (D:7)
  2 iguanas
  10 hell rats
  26 orc wizards
  8 adders
  4 gnolls (D:7)
  2 shadow imps
  4 white imps
  An ufetubus (D:4)
  3 dart slugs (D:2)
  75 orcs
  7 ball pythons
  3 endoplasms
  2 giant cockroaches
  10 goblins
  9 hobgoblins
  6 jackals
  A quokka (D:4)
  3 bats
  5 frilled lizards
  27 kobolds
  4 rats
  2 bushes
525 creatures vanquished.

Vanquished Creatures (collateral kills)
  An orc (Orc:1)
1 creature vanquished.

Vanquished Creatures (others)
  A hound (D:8)
  A hell rat (Lair:6)
  59 fungi
  132 plants
193 creatures vanquished.

Grand Total: 719 creatures vanquished

Notes
Turn   | Place    | Note
-------+----------+-------------------------------------------
     0 | D:1      | Crownlay the Gargoyle Earth Elementalist began the quest
                  | for the Orb.
     0 | D:1      | Reached XP level 1. HP: 10/10 MP: 3/3
   381 | D:1      | Found a faded altar of an unknown god.
   453 | D:1      | Reached XP level 2. HP: 15/15 MP: 5/5
   756 | D:1      | Found Movukl Duha's Weapon Shoppe.
  1452 | D:2      | Reached XP level 3. HP: 16/19 MP: 7/7
  1929 | D:2      | Reached skill level 3 in Spellcasting
  2246 | D:3      | Noticed Sigmund
  2250 | D:2      | Reached XP level 4. HP: 24/24 MP: 7/9
  2684 | D:3      | Killed Sigmund
  2685 | D:3      | Reached skill level 4 in Spellcasting
  2685 | D:3      | Reached skill level 5 in Earth Magic
  2685 | D:3      | Reached XP level 5. HP: 19/28 MP: 4/12
  2685 | D:3      | Reached XP level 6. HP: 22/32 MP: 4/13
  2845 | D:3      | Noticed Grinder
  2860 | D:3      | Killed Grinder
  2861 | D:3      | Reached skill level 5 in Spellcasting
  3107 | D:3      | Reached XP level 7. HP: 36/36 MP: 11/15
  3187 | D:3      | Learned a level 2 spell: Passwall
  3191 | D:3      | Learned a level 3 spell: Stone Arrow
  3227 | D:3      | Got the Incunabulum of Floating Clay
  3235 | D:3      | Learned a level 6 spell: Iron Shot
  4488 | D:4      | Reached skill level 6 in Spellcasting
  4488 | D:4      | Reached skill level 1 in Conjurations
  4543 | D:4      | Found a blossoming altar of Fedhas.
  4543 | D:4      | Found a glowing silver altar of Zin.
  4715 | D:4      | Noticed a steam dragon
  4724 | D:4      | Killed a steam dragon
  4874 | D:4      | Found Ciptop's Jewellery Emporium.
  5051 | D:4      | Reached XP level 8. HP: 41/41 MP: 15/17
  5681 | D:5      | Entered Level 5 of the Dungeon
  5887 | D:5      | Found a shimmering blue altar of Sif Muna.
  5980 | D:5      | Reached skill level 7 in Spellcasting
  7282 | D:6      | Identified the +0 leather armour of Dithmenos's Supremacy
                  | {rF+ Str+2}
  7986 | D:7      | Reached skill level 8 in Spellcasting
  7986 | D:7      | Reached XP level 9. HP: 37/45 MP: 9/21
  8391 | D:7      | Noticed a kobold demonologist
  8392 | D:7      | Noticed a kobold demonologist
  8397 | D:7      | Noticed a smoke demon
  8398 | D:7      | Killed a kobold demonologist
  8399 | D:7      | Reached skill level 5 in Conjurations
  8406 | D:7      | Killed a kobold demonologist
  8514 | D:7      | Found a snail-covered altar of Cheibriados.
  8557 | D:7      | Found a staircase to the Ecumenical Temple.
  8569 | Temple   | Entered the Ecumenical Temple
  8875 | D:7      | Reached skill level 9 in Spellcasting
  8969 | D:7      | Noticed a troll
  8979 | D:7      | Killed a troll
  9283 | D:7      | Found a runed translucent door.
  9284 | D:7      | Noticed Crazy Yiuf
  9288 | D:7      | Killed Crazy Yiuf
  9353 | D:7      | Reached XP level 10. HP: 50/50 MP: 16/23
  9629 | D:8      | Reached skill level 10 in Spellcasting
  9773 | D:8      | Reached skill level 10 in Earth Magic
  9793 | D:8      | Found a staircase to the Lair.
  9836 | D:8      | Noticed Erica
  9844 | D:8      | Killed Erica
  9895 | D:8      | Found a flagged portal.
  9901 | Bailey   | Entered a bailey
 10141 | Bailey   | Noticed an orc warlord
 10294 | Bailey   | Found a runed translucent gate.
 10294 | Bailey   | Found a runed translucent gate.
 10294 | Bailey   | Found a runed translucent gate.
 10547 | Bailey   | Killed an orc warlord
 10548 | Bailey   | Reached skill level 11 in Spellcasting
 10548 | Bailey   | Reached XP level 11. HP: 29/54 MP: 21/26
 10560 | Bailey   | Identified the +4 mace of Past Mistakes {holy, Fly rC-
                  | Will+++ Dex+6}
 10731 | D:8      | Reached skill level 13 in Spellcasting
 10731 | D:8      | Reached XP level 12. HP: 59/59 MP: 26/29
 11191 | D:8      | Found a radiant altar of Vehumet.
 11195 | D:8      | Became a worshipper of Vehumet
 11302 | D:8      | Reached skill level 14 in Spellcasting
 11302 | D:8      | Reached skill level 1 in Summonings
 11952 | D:9      | Noticed a seven-headed hydra
 11956 | D:9      | Identified the ring of Divine Compulsion {rF+ MP+9}
 11958 | D:9      | Found a runed translucent door.
 12089 | D:9      | Found a staircase to the Orcish Mines.
 12275 | D:9      | Found a bloodstained altar of Trog.
 12635 | Lair:1   | Entered Level 1 of the Lair of Beasts
 13268 | Lair:1   | Reached * piety under Vehumet
 13268 | Lair:1   | Offered knowledge of Magic Dart by Vehumet.
 13456 | Lair:1   | You are sucked into a shaft and drop 1 floor!
 13892 | Lair:2   | Learned a level 8 spell: Lehudib's Crystal Spear
 13986 | Lair:2   | Found a staircase to the Swamp.
 14143 | Lair:2   | Reached skill level 1 in Fighting
 14572 | Lair:2   | Offered knowledge of Poisonous Vapours by Vehumet.
 14989 | Lair:3   | Reached ** piety under Vehumet
 14996 | Lair:3   | Reached skill level 10 in Conjurations
 15175 | Lair:3   | Noticed a five-headed hydra
 15402 | Lair:3   | Reached XP level 13. HP: 70/70 MP: 26/31
 15480 | Lair:3   | Reached skill level 5 in Summonings
 15516 | Lair:3   | Identified the +5 hunting sling "Lifebane" {freeze, Fragile
                  | rElec rF+}
 15660 | Lair:3   | Reached skill level 5 in Fighting
 17327 | Lair:4   | Found a staircase to the Snake Pit.
 17771 | Lair:5   | Offered knowledge of Dazzling Flash by Vehumet.
 18510 | Lair:6   | Entered Level 6 of the Lair of Beasts
 18622 | Lair:6   | Reached *** piety under Vehumet
 19023 | Lair:6   | Offered knowledge of Sticky Flame by Vehumet.
 19300 | Lair:6   | Reached skill level 1 in Evocations
 19486 | Lair:6   | Gained mutation: Your large and strong wings let you fly.
                  | [Gargoyle growth]
 19486 | Lair:6   | Reached XP level 14. HP: 86/86 MP: 22/32
 20214 | Lair:6   | Reached skill level 10 in Fighting
 20235 | Lair:6   | Reached **** piety under Vehumet
 20342 | Lair:6   | Offered knowledge of Freezing Cloud by Vehumet.
 20497 | Lair:6   | Identified the ring of the Lost Beasts {+Blink rF+ rC+
                  | Str+4}
 20505 | Lair:6   | Identified the +1 chain mail of Weirdness {+Blink Regen+
                  | rCorr Int-5 Dex+4}
 20748 | Lair:6   | Found a staircase to the Slime Pits.
 21437 | Orc:1    | Entered Level 1 of the Orcish Mines
 22023 | Orc:2    | Entered Level 2 of the Orcish Mines
 22033 | Orc:2    | Reached ***** piety under Vehumet
 22095 | Orc:2    | Offered knowledge of Fulminant Prism by Vehumet.
 22168 | Orc:2    | Reached skill level 5 in Evocations
 22196 | Orc:2    | Found a staircase to the Elven Halls.
 22280 | Orc:2    | Reached skill level 10 in Summonings
 22379 | Orc:2    | Found Xilid's Distillery.
 22404 | Orc:2    | Found Syehax's Magic Scroll Shop.
 22509 | Orc:2    | Bought 2 potions of degeneration for 28 gold pieces
 22509 | Orc:2    | Bought a potion of flight for 42 gold pieces
 22509 | Orc:2    | Bought a potion of heal wounds for 70 gold pieces
 22509 | Orc:2    | Bought 2 potions of lignification for 84 gold pieces
 22520 | Orc:2    | Bought a scroll of enchant weapon for 97 gold pieces
 22520 | Orc:2    | Bought a scroll of identify for 26 gold pieces
 22520 | Orc:2    | Bought a scroll of torment for 97 gold pieces
 22520 | Orc:2    | Bought a scroll of teleportation for 39 gold pieces
 22520 | Orc:2    | Bought a scroll of identify for 26 gold pieces
 22708 | Orc:2    | Reached skill level 15 in Spellcasting
 22716 | Orc:2    | HP: 3/88 [orc warrior/+0 trident[an orc knight] (25)]
 23294 | Orc:2    | Noticed Donald
 23307 | Orc:2    | Annihilated by Donald

Illustrated notes

Levels and vault maps discovered:
D:1:      zelgadis_glass_arrival_small, layout_loops_ring, serial_shops,
          nicolae_shop_statue_plus, serial_forest, infiniplex_forest_corner_1,
          infiniplex_forest_clump_small, infiniplex_forest_clump_curved,
          infiniplex_forest_end_2, infiniplex_forest_clump_small,
          infiniplex_forest_straight_3, infiniplex_forest_lined_2,
          infiniplex_forest_clump_small, ebering_ecumenical_altar_webs
D:2:      layout_basic, serial_forest, infiniplex_forest_straight_4,
          infiniplex_forest_clump_medium, infiniplex_forest_clump_curved,
          infiniplex_forest_clump_small, infiniplex_forest_clump_long,
          infiniplex_forest_end_2, infiniplex_forest_end_2,
          minmay_misc_feat_more_columns
D:3:      wad_river_or_something, layout_rooms, uniq_grinder, uniq_sigmund
D:4:      layout_basic, gammafunk_temple_overflow_pools, serial_forest,
          infiniplex_forest_end_3, infiniplex_forest_side_room,
          infiniplex_forest_clump_large, infiniplex_forest_lined_ring,
          infiniplex_forest_split, serial_shops, kennysheep_mini_moat,
          grunt_ministairs_5, glass_columns_c, minivault_27,
          minmay_manual_mullet
D:5:      layout_basic, mainiacjoe_overflow_24_doors
D:6:      layout_gridville
D:7:      layout_cave_pools, mainiacjoe_overflow_cross_hatched,
          minmay_temple_entry_trees, grunt_ministairs_7, minmay_nine_imps,
          uniq_crazy_yiuf_cottage
D:8:      layout_loops_corners, vehumet_crystals, erik_lair_island,
          enter_bailey_2, minmay_circle_x, uniq_erica
D:9:      layout_cave_pools, mainiacjoe_overflow_alcove_2, orc_0_dummy,
          minmay_st_funbox, hangedman_abyss_or_decor_passed
Temple:   regret_index_temple_generic_petals
Lair:1:   layout_cave_pods, minmay_lair_oklob_bushes, lemuel_fruit_tree
Lair:2:   layout_long_grid, minmay_swamp_entry_worms, grunt_megastairs_1
Lair:3:   layout_gridlike, beast_lair_carwin_2, infiniplex_staircase_pool,
          serial_bayou_shore_b
Lair:4:   layout_regular_city, minmay_snake_entry_guardpost_medium
Lair:5:   layout_regular_city
Lair:6:   minmay_lair_end_frog_pond, layout_loops_ring,
          minmay_slime_entry_pillars, kennysheep_basilisk_garden
Orc:1:    layout_diamond_mine, hellmonk_bongcloud_opening
Orc:2:    pf_orc_diabolical, layout_diamond_mine, uniq_donald

Skill      XL: |  1  2  3  4  5  6  7  8  9 10 11 12 13 14 |
---------------+-------------------------------------------+-----
Earth Magic    | 4 5 6 8 9 10 11 | 11.5
Spellcasting   | 3 4 5 6 8 9 11 13 14 15 | 15.0
Conjurations   | 2 4 6 8 10 | 10.0
Summonings     | 4 8 10 | 10.0
Fighting       | 4 9 10 | 10.0
Evocations     | 1 5 |  5.3
Dodging        | |  1.5
Stealth        | |  2.1
Transmutations | |  0.7

Action                   |  1- 3 |  4- 6 |  7- 9 | 10-12 | 13-15 || total
-------------------------+-------+-------+-------+-------+-------++-------
Melee: Dagger            |    57 |       |       |       |       ||    57
       Unarmed           |     5 |       |       |       |       ||     5
       Punch             |     2 |       |     4 |       |       ||     6
       Hand axe          |       |   165 |   262 |    15 |       ||   442
       Scimitar          |       |       |       |     4 |       ||     4
       Mace              |       |       |       |     1 |     3 ||     4
 Fire: Hunting sling     |    41 |       |       |       |       ||    41
Throw: Boomerang         |       |       |       |     6 |       ||     6
 Cast: Sandblast         |    18 |    25 |   137 |   138 |   184 ||   502
       Stone Arrow       |       |       |    40 |   162 |   338 ||   540
       Iron Shot         |       |       |       |     2 |    37 ||    39
Evoke: Wand              |       |       |       |    18 |    25 ||    43
  Use: Scroll            |     1 |     1 |     6 |     6 |     6 ||    20
       Potion            |       |       |     1 |     2 |     2 ||     5
 Stab: Sleeping          |       |     1 |       |       |       ||     1
       Distracted        |       |       |     1 |       |       ||     1
Armor: Robe              |    37 |    18 |   152 |    67 |    95 ||   369
Dodge: Dodged            |    56 |    31 |   133 |   117 |   138 ||   475

Table legend: (Time is in decaauts)
 A = Elapsed time spent in this place.
 B = Non-inter-level travel time spent in this place.
 C = Inter-level travel time spent in this place.
 D = Time resting spent in this place.
 E = Time spent auto-exploring this place.
 F = Levels seen in this place.
 G = Mean time per level.
                   A        B        C        D        E       F      G
               +--------+--------+--------+--------+--------+-----+--------+
         Total |  23469 |  22667 |    802 |   1515 |  16849 |  19 | 1235.2 |
       Dungeon |  11763 |  11254 |    509 |      0 |   9135 |   9 | 1307.0 |
        Temple |    223 |    185 |     38 |      0 |    178 |   1 |  223.0 |
          Lair |   8783 |   8552 |    231 |   1391 |   5689 |   6 | 1463.8 |
  Orcish Mines |   1869 |   1846 |     23 |     41 |   1304 |   2 |  934.5 |
        Bailey |    829 |    829 |      0 |     83 |    543 |   1 |  829.0 |
               +--------+--------+--------+--------+--------+-----+--------+

Top non-repeatable levels by time:
  Lair:6: 2055 daAuts
     D:4: 1876 daAuts
  Lair:5: 1687 daAuts
  Lair:2: 1480 daAuts
     D:2: 1425 daAuts
  Lair:4: 1416 daAuts
     D:8: 1387 daAuts
  Lair:3: 1314 daAuts
     D:1: 1301 daAuts
     D:6: 1293 daAuts
   Orc:2: 1283 daAuts
     D:3: 1208 daAuts
     D:7: 1202 daAuts
     D:5: 1161 daAuts
     D:9: 906 daAuts
